 Dungeon Crawl Stone Soup version bcrawl-1.23 (webtiles) character file.

Game seed: 13017769318204891726

396 Davosk the Slasher (level 6, 0/37 HPs)
             Began as a Skeleton Reaver on May 31, 2020.
             Was a Believer of Vehumet.
             Slain by a sky beast (6 damage)
             ... on level 4 of the Dungeon.
             The game lasted 00:36:20 (3961 turns).

Davosk the Slasher (Skeleton Reaver)                Turns: 3961, Time: 00:36:20

Health: 0/37       AC:  8    Str: 17      XL:     6   Next: 52%
Magic:  0/15       EV: 12    Int: 15      God:    Vehumet [**....]
Gold:   177        SH:  0    Dex:  4 (7)  Spells: 10/17 levels left

rFire    . . .     SeeInvis .   a - +0 long sword
rCold    + . .     Gourm    .   (no shield)
rNeg     + + +     Faith    +   j - +0 steam dragon scales
rPois    ∞         Spirit   +   (no helmet)
rElec    .         Reflect  .   v - +2 cloak {+Inv}
rCorr    .         Harm     .   (no gloves)
MR       .....                  (no boots)
Stlth    +.........             n - amulet of faith
HPRegen  0.12/turn              (no ring)
MPRegen  0.14/turn              (no ring)

@: no status effects
A: no food or potions, cold resistance 1, deterioration 1, negative energy
resistance 3, powered by death 1, torment resistance, unbreathing, magic shield,
sturdy frame 1, spell healing
a: Renounce Religion, Evoke Invisibility


You were on level 4 of the Dungeon.
You worshipped Vehumet.
Vehumet was pleased with you.
You were not hungry.

You visited 1 branch of the dungeon, and saw 4 of its levels.

You collected 177 gold pieces.

Inventory:

Hand Weapons
 a - a +0 long sword (weapon)
 b - a +0 hunting sling
 q - a +0 falchion
 r - a +0 hand axe of distortion
 u - a +4 quarterstaff of chaos
Missiles
 f - 452 stones
 i - 504 sling bullets
 t - 45 tomahawks (quivered)
Armour
 d - a +2 cloak
 g - a +0 pair of gloves
 h - a +0 leather armour
 j - +0 steam dragon scales (worn)
 m - a +1 chain mail of positive energy
 v - a +2 cloak of invisibility (worn)
Jewellery
 n - an amulet of faith (around neck)
Scrolls
 c - 3 scrolls of immolation
 e - 3 scrolls of teleportation
 k - 2 scrolls of identify
 l - a scroll of remove curse
 o - 3 scrolls of magic mapping
Potions
 s - a potion of berserk rage {unknown}


   Skills:
 + Level 3.3 Fighting
 + Level 6.8 Long Blades
 - Level 3.0 Dodging
 - Level 6.0 Spellcasting
 - Level 2.2 Conjurations


You had 10 spell levels left.
You knew the following spells:

 Your Spells              Type           Power        Failure   Level  Hunger
a - Sting                 Conj/Pois      #...         2%          1    N/A
b - Sandblast             Erth           #.....       4%          1    N/A
c - Iskenderun's Battles  Conj/Chrm      #.......     52%         5    N/A

Your spell library contained the following spells:

 Spells                   Type           Power        Failure   Level  Hunger


Dungeon Overview and Level Annotations

Branches:
Dungeon (4/12)
 Temple: D:4-7

Altars:
Cheibriados
Fedhas
Kikubaaqudgha
Nemelex Xobeh
Qazlal
Vehumet
Yredelemnul


Innate Abilities, Weirdness & Mutations

You do not eat or drink.
You are immune to poison.
Your flesh is cold resistant. (rC+)
Your body sometimes deteriorates upon taking damage.
You are immune to negative energy. (rN+++)
You regenerate a little health from kills.
You are immune to unholy pain and torment.
You can survive without breathing.
When hurt, damage is shared between your health and your magic reserves.
Your movements are slightly less encumbered by armour. (ER -2)
Casting spells heals you.


Message History

Aiming: Sandblast (safe; 4% risk of failure)
Press: ? - help, Shift-Dir - straight line The blast of sand hits something but does no damage.
f - 452 stones Something hits you but does no damage.
Casting: Sandblast (safe; 4% risk of failure)
Confirm with . or Enter, or press ? or * to list all spells.
Aiming: Sandblast (safe; 4% risk of failure)
Press: ? - help, Shift-Dir - straight line
Okay, then.
Unknown command.
You miss something. Something hits you but does no damage.
You miss something. Something hits you. Something shocks you.
* * * LOW HITPOINT WARNING * * *
You barely miss something.
A sky beast appears from thin air!
Reactivating autopickup.
The sky beast hits you.
* * * LOW HITPOINT WARNING * * *
The sky beast shocks you.
You die...

#.*#.#.#.....#.##.........###
#.##.#.##...##.##########...#
#......######.......# #...#
###...## #..####.# ###.. * #...#
#..####.#*****### * #...#
#.......#,,,,,,,*
**#####...#######.#..#..#,,,,,,,*
*#.............#........#.,,,,,,*
,#....>........Y@........,,,,,,,*
≈#.............#...#.#.##,,,,,,,*
,######...######..###..#*,,,,,,,*
** #...# #...#...#*,,,,,,,* ,*
*#...#* #.......##*####*## <*
#.....* ####.##....,..##[.
,****#.....* #.##.###*#.#.**
,,,,,,,,,,,* #.##>#####^.#*
,,,,,,,,,,,** #.......##..#


You could see a sky beast.

Vanquished Creatures
  A scorpion (D:3)
  A crimson imp (D:3)
  Crazy Yiuf (D:3)
  A bullfrog skeleton (D:4)
  A hound (D:4)
  An orc wizard (D:3)
  Jessica (D:2)
  A worker ant (D:4)
  5 adders (D:3)
  An ooze (D:2)
  2 worms
  2 dart slugs
  2 leopard geckos
  11 orcs
  4 giant cockroaches
  4 goblins
  13 hobgoblins
  A jackal (D:1)
  5 kobolds
  5 quokkas
  3 bats (D:1)
  3 frilled lizards
  5 rats
74 creatures vanquished.

Notes
Turn   | Place    | Note
-------+----------+-------------------------------------------
     0 | D:1      | Davosk the Skeleton Reaver began the quest for the Orb.
     0 | D:1      | Reached XP level 1. HP: 14/14 MP: 4/4
   126 | D:1      | Reached XP level 2. HP: 17/19 MP: 4/6
   579 | D:1      | Reached * piety under Vehumet
   579 | D:1      | Offered knowledge of Sting by Vehumet.
   611 | D:1      | Learned a level 1 spell: Sting
   779 | D:2      | Reached XP level 3. HP: 23/23 MP: 5/8
  1072 | D:2      | Noticed Jessica
  1082 | D:2      | Killed Jessica
  1082 | D:2      | Reached skill level 1 in Conjurations
  1243 | D:2      | Reached XP level 4. HP: 26/28 MP: 7/10
  1303 | D:2      | Found an ancient bone altar of Kikubaaqudgha.
  1895 | D:3      | Reached skill level 5 in Long Blades
  1934 | D:3      | Offered knowledge of Sandblast by Vehumet.
  1934 | D:3      | Reached skill level 5 in Spellcasting
  1934 | D:3      | Reached XP level 5. HP: 25/32 MP: 9/12
  2151 | D:3      | Found a blossoming altar of Fedhas.
  2151 | D:3      | Found a snail-covered altar of Cheibriados.
  2164 | D:3      | Reached ** piety under Vehumet
  2586 | D:3      | Found a radiant altar of Vehumet.
  2640 | D:3      | Found a runed door.
  2825 | D:3      | Found a sparkling altar of Nemelex Xobeh.
  2883 | D:3      | Gained mutation: You regenerate a little health from kills.
                  | [Skeleton growth]
  2883 | D:3      | Reached XP level 6. HP: 32/37 MP: 2/15
  3033 | D:3      | Found a stormy altar of Qazlal.
  3033 | D:3      | Found a basalt altar of Yredelemnul.
  3450 | D:3      | Noticed Crazy Yiuf
  3461 | D:3      | Killed Crazy Yiuf
  3832 | D:4      | Learned a level 1 spell: Sandblast
  3899 | D:4      | Learned a level 5 spell: Iskenderun's Battlesphere
  3900 | D:4      | Noticed a sky beast
  3961 | D:4      | Slain by a sky beast

Skill      XL: |  1  2  3  4  5 |
---------------+----------------+-----
Long Blades    | 4 5 6 |  6.8
Spellcasting   | 4 5 6 |  6.0
Conjurations   | 1 2 |  2.2
Fighting       | |  3.3
Dodging        | |  3.0

Action                   |  1- 3 |  4- 6 || total
-------------------------+-------+-------++-------
Melee: Long sword        |    88 |   183 ||   271
 Fire: Hunting sling     |       |     4 ||     4
Throw: Stone             |    17 |     1 ||    18
 Cast: Sting             |    32 |   106 ||   138
       Sandblast         |       |     5 ||     5
  Use: Scroll            |       |     6 ||     6
Armor: Steam dragon scal |    51 |    83 ||   134
Dodge: Dodged            |    87 |   126 ||   213
Block: Other             |       |     2 ||     2
